 Dungeon Crawl Stone Soup version 0.31-a0-256-g80acddb972 (webtiles) character file.

Game seed: 6947435559126004626

3744 Morbidden the Ruffian (level 9, -11/83 (85) HPs)
             Began as a Troll Shapeshifter on July 13, 2023.
             Was a Priest of Cheibriados.
             Mangled by an eight-headed hydra (12 damage)
             ... on level 8 of the Dungeon.
             The game lasted 00:07:46 (5478 turns).

Morbidden the Ruffian (Troll Shapeshifter)          Turns: 5478, Time: 00:07:46

HP:   -11/83 (85)   AC:  5    Str: 43    XL:     9   Next: 93%
MP:   10/10         EV: 11    Int: 12    God:    Cheibriados [***...]
Gold: 314           SH:  9    Dex: 18    Spells: 8/8 levels left

rFire   . . .        a - +16 obsidian axe {drain, demonic, Mesm Drain Fly SInv}
rCold   . . .        b - +0 kite shield
rNeg    . . .        u - +1 animal skin
rPois   +            (helmet currently unavailable)
rElec   .            (cloak currently unavailable)
rCorr   .            (gloves unavailable)
SInv    +            (boots unavailable)
Will    .....        (no amulet)
Stlth   ++           d - ring of poison resistance
HPRegen 1.13/turn    f - +6 ring of strength
MPRegen 0.12/turn

%: no passive effects
@: about to teleport, beast-form, flying, mesmerised, lightly drained, very slow
A: beast (slay +4), large, unfitting armour, claws 3, regeneration 1, shaggy fur
1, tough skin 1
a: Renounce Religion, Bend Time, Temporal Distortion


You were on level 8 of the Dungeon.
You worshipped Cheibriados.
Cheibriados was most pleased with you.
You were a hulking beast.
You visited 2 branches of the dungeon, and saw 9 of its levels.

You collected 370 gold pieces.
You spent 56 gold pieces at shops.

Inventory:

Hand Weapons
 a - the +16 obsidian axe (weapon) {drain, demonic, Mesm Drain Fly SInv}
   (You found it on level 6 of the Dungeon)

   Mesm:      Its wielder is mesmerised by any visible foes, and it cannot be
   unequipped while any foes are visible.
   SInv:      It lets you see invisible.
   Fly:       It grants you flight.
   Drain:     It drains your maximum health when unequipped.
Missiles
 j - 38 stones
 o - 2 throwing nets
 r - a boomerang
 x - 9 poisoned darts
 y - 4 curare-tipped darts
Armour
 b - a +0 kite shield (worn)
 u - a +1 animal skin (worn)
Jewellery
 d - a ring of poison resistance (left claw)
 f - a +6 ring of strength (right claw)
 q - an amulet of faith
Talismans
 c - a beast talisman
Wands
 l - a wand of digging (4)
 s - a wand of mindburst (20)
 v - a wand of polymorph (10)
 w - a wand of flame (8)
Scrolls
 h - 9 scrolls of identify
 m - a scroll of teleportation
 A - a scroll of enchant weapon
 B - a scroll of revelation
Potions
 e - a potion of heal wounds
 g - a potion of curing
 i - a potion of ambrosia {unknown}
 k - 2 potions of degeneration {unknown}
 n - a potion of attraction {unknown}
 p - a potion of haste
 t - 2 potions of brilliance {unknown}
 z - 3 potions of mutation {unknown}


   Skills:
 * Level 4.7 Fighting
 + Level 4.3 Axes
 * Level 5.2 Dodging
 + Level 1.1 Stealth
 * Level 1.6 Shields
 * Level 6.8 Unarmed Combat
 * Level 3.3 Invocations
 * Level 6.0 Shapeshifting


You had 8 spell levels left.
You didn't know any spells.
Your spell library contained the following spells:

 Spells                   Type           Power      Damage    Failure   Level
 Ensorcelled Hibernation  Hex/Ice        0%         N/A       63%         2
 Passwall                 Tmut/Erth      0%         N/A       63%         2
 Poisonous Vapours        Pois/Air       0%         N/A       63%         2
 Wereblood                Tmut           0%         N/A       63%         2
 Mephitic Cloud           Conj/Pois/Air  0%         N/A       85%         3
 Stone Arrow              Conj/Erth      0%         3d7       85%         3
 Swiftness                Air            0%         N/A       85%         3
 Anguish                  Hex/Necr       0%         N/A       99%         4
 Animate Armour           Summ/Erth      0%         N/A       99%         4
 Freezing Cloud           Conj/Ice/Air   0%         6-21      100%        5
 Irradiate                Conj/Tmut      0%         3d11      100%        5
 Lehudib's Crystal Spear  Conj/Erth      0%         10d2      100%        8


Dungeon Overview and Level Annotations

Branches:
Dungeon (8/15)             Temple (1/1) D:5
   Lair: D:8-11

Altars:
Ashenzari
Cheibriados
Dithmenos
Elyvilon
Fedhas
Gozag
Hepliaklqana
Kikubaaqudgha
Makhleb
Nemelex Xobeh
Okawaru
Qazlal
Trog
Uskayaw
Wu Jian
Yredelemnul
Zin
The Shining One

Shops:
D:2 =[=(   D:5 =   D:6 *


Innate Abilities, Weirdness & Mutations

You are a hulking beast.
Your limbs bulge with bestial killing power. (Slay +4)
You are too large for most types of armour.
You have claws for hands.
Your natural rate of healing is unusually fast.
You are covered in fur. (AC +1)
You have tough skin. (AC +1)


Message History

Press: ? - help, Shift-Dir - straight line, f/p - seven-headed hydra
Aim: a seven-headed hydra (purple smoke, moderately wounded, mesmerising, lightly drained, chance to affect: 33%)
Okay, then.
Unknown command.
It was a potion of heal wounds.
You feel much better.
Unknown command.
It was a potion of curing.
You feel better. The seven-headed hydra bites you!
The seven-headed hydra bites you.
You block the seven-headed hydra's attack.
The seven-headed hydra bites you!
The seven-headed hydra bites you but does no damage.
The seven-headed hydra barely misses you.
The seven-headed hydra bites you.
Unknown command.
Unknown command.
As you read the scroll of teleportation, it crumbles to dust.
You feel strangely unstable.
The seven-headed hydra closely misses you.
You block the seven-headed hydra's attack.
The seven-headed hydra barely misses you. x2
You block the seven-headed hydra's attack.
The seven-headed hydra bites you!
The seven-headed hydra barely misses you.
Unknown command.
Okay, then.
Unknown command.
Unknown command.
You chop one of the seven-headed hydra's heads off!
The six-headed hydra grows two more!
You slice the eight-headed hydra!!
The eight-headed hydra is moderately wounded.
The eight-headed hydra misses you. The eight-headed hydra bites you! x2
* * * LOW HITPOINT WARNING * * *
The eight-headed hydra bites you!
* * * LOW HITPOINT WARNING * * *
The eight-headed hydra bites you but does no damage. x2
The eight-headed hydra closely misses you.
The eight-headed hydra bites you!
* * * LOW HITPOINT WARNING * * *
The eight-headed hydra bites you!
You die...

......##........###..........#
......##........# #...######.#
......##........# #...# #.#
######'######..# #.# #.##
..##.# #.# ###. #D#.# #. #.'.#
#.###.### #hD.## #####


You could see an eight-headed hydra (mesmerising, drained).

Vanquished Creatures
  Sigmund (D:6)
  A sky beast (D:6)
  An ice beast (D:6)
  2 orc warriors
  4 black bears
  An ogre (D:6)
  3 centaurs
  A phantom (D:5)
  2 kobold brigands (D:6)
  4 bullfrogs
  3 scorpions
  11 wights (D:8)
  2 howler monkeys (D:8)
  A jelly (D:5)
  2 gnoll boudas
  2 orc priests (D:8)
  A sleepcap (D:6)
  2 hounds
  2 iguanas
  Ijyb (D:3)
  10 orc wizards
  15 gnolls
  10 adders
  A shadow imp (D:7)
  A white imp (D:6)
  An ufetubus (D:4)
  4 worms
  3 dart slugs
  30 orcs
  2 bats
  5 endoplasms
  4 giant cockroaches
  7 goblins
  4 hobgoblins
  5 jackals (D:4)
  3 quokkas
  5 ball pythons (D:1)
  2 frilled lizards (D:1)
  9 kobolds
  A rat (D:2)
169 creatures vanquished.

Vanquished Creatures (collateral kills)
  A black bear (D:6)
  A gnoll sergeant (D:7)
  A wight (D:8)
  An orc priest (D:6)
  2 orc wizards (D:7)
  A gnoll (D:7)
  5 orcs (D:7)
  3 kobolds (D:6)
15 creatures vanquished.

Grand Total: 184 creatures vanquished

Notes
Turn   | Place    | Note
-------+----------+-------------------------------------------
     0 | D:1      | Morbidden the Troll Shapeshifter began the quest for the
                  | Orb.
     0 | D:1      | Reached XP level 1. HP: 19/19 MP: 0/0
   152 | D:1      | Reached XP level 2. HP: 27/27 MP: 1/1
   815 | D:2      | Found a faded altar of an unknown god.
   840 | D:2      | Found Yptucko's Jewellery Shoppe.
   962 | D:2      | Found Jucs's Antique Armour Boutique.
   966 | D:2      | Reached XP level 3. HP: 35/35 MP: 2/2
   980 | D:2      | Found Hagiwaga's Weapon Shop.
  1088 | D:2      | Found Yssoimod's Jewellery Emporium.
  1520 | D:3      | Found an ornate altar of the Wu Jian Council.
  1520 | D:3      | Found a stormy altar of Qazlal.
  1576 | D:3      | Noticed Ijyb
  1588 | D:3      | Killed Ijyb
  1589 | D:3      | Reached XP level 4. HP: 40/42 MP: 3/3
  2064 | D:4      | Reached XP level 5. HP: 47/49 MP: 4/4
  2210 | D:4      | Noticed a black bear
  2220 | D:4      | Killed a black bear
  2221 | D:4      | Reached XP level 6. HP: 43/58 MP: 5/5
  2585 | D:5      | Entered Level 5 of the Dungeon
  2613 | D:5      | Reached XP level 7. HP: 52/66 MP: 6/6
  2635 | D:5      | Found a sparkling altar of Nemelex Xobeh.
  2643 | D:5      | Reached skill level 5 in Shapeshifting
  2769 | D:5      | Reached skill level 5 in Unarmed Combat
  2781 | D:5      | Found an ancient bone altar of Kikubaaqudgha.
  2861 | D:5      | Found a staircase to the Ecumenical Temple.
  2882 | Temple   | Entered the Ecumenical Temple
  2898 | Temple   | Became a worshipper of Cheibriados the Contemplative
  2946 | D:5      | Found a glowing golden altar of the Shining One.
  2948 | D:5      | Found a hazy altar of Hepliaklqana.
  3148 | D:5      | Reached XP level 8. HP: 55/75 MP: 7/7
  3255 | D:5      | Found Saeggiw's Jewellery Boutique.
  3393 | D:6      | Found the +16 obsidian axe {drain, demonic, Mesm Drain Fly
                  | SInv}
  3488 | D:6      | Reached skill level 1 in Invocations
  3521 | D:6      | Noticed Sigmund
  3525 | D:6      | Killed Sigmund
  3526 | D:6      | Reached skill level 1 in Axes
  3540 | D:6      | Reached * piety under Cheibriados
  3615 | D:6      | Reached XP level 9. HP: 84/84 MP: 9/9
  3815 | D:6      | Reached ** piety under Cheibriados
  3911 | D:6      | Found a basalt altar of Yredelemnul.
  3934 | D:6      | Found Vopefet's Assorted Antiques.
  3938 | D:6      | Bought a scroll labelled HEMIETI WEAGHU for 28 gold pieces
  3938 | D:6      | Bought a scroll labelled PUTOXI CENK for 28 gold pieces
  4792 | D:7      | Found a shadowy altar of Dithmenos.
  4999 | D:8      | Reached *** piety under Cheibriados
  5002 | D:8      | Reached skill level 5 in Dodging
  5120 | D:8      | Reached skill level 1 in Stealth
  5156 | D:8      | Reached skill level 1 in Shields
  5455 | D:8      | Noticed a seven-headed hydra
  5478 | D:8      | HP: 1/83 [eight-headed hydra (9)]
  5478 | D:8      | Mangled by an eight-headed hydra

Illustrated notes

Levels and vault maps discovered:
D:1:      dpeg_arrival_ternary, layout_basic
D:2:      layout_loops_ring, hellmonk_ecumenical_altar_pennies_from_heaven,
          serial_shops, shop, nicolae_shop_bloodbath_and_beyond, shop,
          nicolae_shop_rolling_square, serial_park_tiny_pond,
          minmay_door_square, kennysheep_pointless_box
D:3:      layout_loops_ring, amethyst_overflow_temple_binary, uniq_ijyb
D:4:      layout_cave_pools
D:5:      layout_gridville, mainiacjoe_overflow_tiny_flanked,
          kiku_gazebo_garden_becter, chequers_temple_overflow_statue_of_worship,
          minmay_temple_entry_antechambers, serial_shops, shop
D:6:      layout_basic, mainiacjoe_overflow_alcove_1, serial_shops,
          nicolae_shop_hallway_stairs, uniq_sigmund
D:7:      layout_basic, nicolae_dithmenos_shadow_blocks
D:8:      layout_basic, kennysheep_just_a_vault
Temple:   eino_narrow_crystal_temple

Skill      XL: |  1  2  3  4  5  6  7  8  9 |
---------------+----------------------------+-----
Dodging        | 2 3 4 5 |  5.2
Fighting       | 2 3 4 |  4.7
Shapeshifting  | 4 5 6 |  6.0
Unarmed Combat | 3 4 5 6 |  6.8
Invocations    | 1 3 |  3.3
Axes           | 2 4 |  4.3
Stealth        | 1 |  1.1
Shields        | 1 |  1.6

Action                     |  1- 3 |  4- 6 |  7- 9 || total
---------------------------+-------+-------+-------++-------
  Melee: Unarmed           |    83 |    92 |    66 ||   241
         Punch             |     3 |     4 |     2 ||     9
         Broad axe         |       |       |   112 ||   112
  Evoke: Wand              |       |       |     1 ||     1
    Use: Scroll            |     1 |     2 |     8 ||    11
         Potion            |       |       |     3 ||     3
   Stab: Sleeping          |     2 |     1 |     1 ||     4
 Armour: Animal skin       |    19 |    42 |    45 ||   106
         Skin              |       |       |    89 ||    89
  Dodge: Dodged            |    30 |    47 |   113 ||   190
  Block: Kite shield       |       |       |    32 ||    32

Table legend: (Time is in decaauts)
 A = Elapsed time spent in this place.
 B = Non-inter-level travel time spent in this place.
 C = Inter-level travel time spent in this place.
 D = Time resting spent in this place.
 E = Time spent auto-exploring this place.
 F = Levels seen in this place.
 G = Mean time per level.
                   A        B        C        D        E       F      G
               +--------+--------+--------+--------+--------+-----+--------+
         Total |   6517 |   6106 |    411 |    105 |   4910 |   9 |  724.1 |
       Dungeon |   6493 |   6088 |    405 |    105 |   4902 |   8 |  811.6 |
        Temple |     24 |     18 |      6 |      0 |      8 |   1 |   24.0 |
               +--------+--------+--------+--------+--------+-----+--------+

Top non-repeatable levels by time:
     D:6: 1210 daAuts
     D:7: 1058 daAuts
     D:5: 886 daAuts
     D:1: 798 daAuts
     D:8: 762 daAuts
     D:2: 647 daAuts
     D:4: 573 daAuts
     D:3: 555 daAuts
  Temple: 24 daAuts
